 Dungeon Crawl Stone Soup version 0.31.0-9-g3a7656b989 (webtiles) character file.

Game seed: 3501008021828093775

34 Killerpretzel the Ducker (level 3, 16/16 HPs)
             Began as a Felid Air Elementalist on Feb 3, 2024.
             Quit the game on level 2 of the Dungeon.
             The game lasted 00:06:05 (1644 turns).

Killerpretzel the Ducker (Felid Air Elementalist)   Turns: 1644, Time: 00:06:05

Health: 16/16      AC:  1    Str:  4    XL:     3   Next: 14%
Magic:  7/7        EV: 18    Int: 20    God:
Gold:   82         SH:  0    Dex: 16    Spells: 3/6 levels left
                                        Lives:  0   Deaths: 1

rFire   + . .        (weapon unavailable)
rCold   . . .        (shield unavailable)
rNeg    . . .        (body armour unavailable)
rPois   +            (helmet unavailable)
rElec   .            (cloak unavailable)
rCorr   .            (gloves unavailable)
SInv    +            (boots unavailable)
Will    .....        i - amulet of faith
Stlth   ++           c - ring of poison resistance
HPRegen 0.22/turn    g - ring of protection from fire
MPRegen 0.10/turn

%: faith
@: no status effects
A: very small, claws 1, fangs 3, see invisible, shaggy fur 1, stealthy paws, no
weapons or thrown items, no armour, multi-lived
a: no special abilities


You were on level 2 of the Dungeon.
You visited 1 branch of the dungeon, and saw 2 of its levels.

You collected 82 gold pieces.

Inventory:

Jewellery
 c - a ring of poison resistance (left paw)
 g - a ring of protection from fire (right paw)
 i - an amulet of faith (around neck)
Scrolls
 b - a scroll of revelation {unknown}
 d - 2 scrolls of blinking {unknown}
 e - a scroll of teleportation {unknown}
 h - a scroll of vulnerability {unknown}
 k - a scroll of identify {unknown}
 l - a scroll of torment {unknown}
Potions
 f - a potion of degeneration {unknown}
 j - a potion of might {unknown}
 m - a potion of cancellation {unknown}


   Skills:
 + Level 3.2 Dodging
 - Level 2.6 Stealth
 + Level 2.3 Spellcasting
 + Level 1.3 Conjurations
 * Level 3.2 Air Magic


You had 3 spell levels left.
You knew the following spells:

 Your Spells              Type           Power      Damage    Failure   Level
a - Shock                 Conj/Air       44%        1d5       6%          1
b - Static Discharge      Conj/Air       22%        3-4/arc   9%          2

Your spell library contained the following spells:

 Spells                   Type           Power      Damage    Failure   Level
 Swiftness                Air            15%        N/A       12%         3
 Airstrike                Air            7%         2d(2-18)  38%         4


Dungeon Overview and Level Annotations

Branches:
Dungeon (2/15)

Altars:


Innate Abilities, Weirdness & Mutations

You have sharp claws.
You have razor-sharp teeth.
You have supernaturally acute eyesight. (SInv)
You are covered in fur. (AC +1)
Your paws help you pounce on unaware monsters.
You are incapable of wielding weapons or throwing items.
You cannot wear armour.
You gain extra lives every three experience levels.


Message History

Magic courses through your body. The adder closely misses you.
Casting: Shock (safe; 6% risk of failure)
Confirm with . or Enter, or press ? or * to list all spells.
You miscast Static Discharge.
Nothing appears to happen.
The adder barely misses you.
Casting: Static Discharge (safe; 9% risk of failure)
Confirm with . or Enter, or press ? or * to list all spells.
Aiming: Shock (safe; 6% risk of failure)
Press: ? - help, Shift-Dir - straight line, f/p - adder
Aim: an adder (48% to hit)
You miscast Shock.
Nothing appears to happen.
The adder barely misses you. The adder closely misses you.
Casting: Shock (safe; 6% risk of failure)
Confirm with . or Enter, or press ? or * to list all spells.
Aiming: Shock (safe; 6% risk of failure)
Press: ? - help, Shift-Dir - straight line, f/p - adder
Aim: an adder (48% to hit)
You miscast Shock.
Nothing appears to happen.
The adder bites you.
* * * LOW HITPOINT WARNING * * *
You are lethally poisoned!
The adder poisons you!
Casting: Shock (safe; 6% risk of failure)
Confirm with . or Enter, or press ? or * to list all spells.
Aiming: Shock (safe; 6% risk of failure)
Press: ? - help, Shift-Dir - straight line, f/p - adder
Aim: an adder (48% to hit)
The zap misses the adder.
* * * LOW HITPOINT WARNING * * *
You feel sick. The adder barely misses you.
Casting: Shock (safe; 6% risk of failure)
Confirm with . or Enter, or press ? or * to list all spells.
Aiming: Shock (safe; 6% risk of failure)
Press: ? - help, Shift-Dir - straight line, f/p - adder
Aim: an adder (48% to hit)
The zap misses the adder.
You die...
You feel sick. The adder completely misses you. x2
You rejoin the land of the living...
Unknown command.
Are you sure you want to abandon this character and quit the game? (Confirm with "yes".)

.######.###
..........#
#######.#.#
#########.#.#
8.8.8.8...#.#
.........##.#
8.8.♣.8.## .#
#########
#.############
.#
#.....@.......
.#
##############
.# .# .# .#
#####.#
....<.#
####..#


There were no monsters in sight!

Vanquished Creatures
  3 dart slugs
  An orc (D:2)
  3 endoplasms
  4 giant cockroaches
  3 hobgoblins
  2 quokkas (D:1)
  2 ball pythons (D:1)
  A frilled lizard (D:1)
  2 goblins
  2 kobolds (D:1)
  3 rats
26 creatures vanquished.

Notes
Turn   | Place    | Note
-------+----------+-------------------------------------------
     0 | D:1      | Killerpretzel the Felid Air Elementalist began the quest
                  | for the Orb.
     0 | D:1      | Reached XP level 1. HP: 9/9 MP: 4/4
    70 | D:1      | Reached skill level 1 in Conjurations
   395 | D:1      | Reached XP level 2. HP: 9/13 MP: 1/6
   398 | D:1      | Learned a level 2 spell: Static Discharge
  1486 | D:2      | Reached XP level 3. HP: 16/16 MP: 4/7
  1643 | D:2      | Succumbed to an adder's poison
  1643 | D:2      | Lost a life (0 lives remaining)
  1644 | D:2      | Quit the game

Illustrated notes

Levels and vault maps discovered:
D:1:      moated_graveyard_arrival, layout_basic, corexii_corridor_pit,
          minmay_worlds_worst_comb
D:2:      layout_loops_ring, hellmonk_ecumenical_altar_lost_god,
          chequers_avenue, uniq_crazy_yiuf_cottage, uniq_natasha

Skill      XL: |  1  2 |
---------------+-------+-----
Conjurations   | 1 |  1.3
Dodging        | 3 |  3.2
Air Magic      | 3 |  3.2
Stealth        | |  2.6
Spellcasting   | |  2.3

Action                     || total
---------------------------++-------
  Melee: Unarmed           ||     2
         Bite              ||     1
   Cast: Shock             ||    56
    Use: Potion            ||     1
 Armour: Skin              ||     6
  Dodge: Dodged            ||    21
